 Dungeon Crawl Stone Soup version 0.25-a0-166-g16436c4407 (webtiles) character file.

Game seed: 14372470651403232841, levelgen mode: deterministic

107083 tilp the Stormcaller (level 16, -3/116 HPs)
             Began as a Tengu Air Elementalist on Nov 23, 2019.
             Was a Priest of Sif Muna.
             Killed from afar by a thorn hunter (17 damage)
             ... with a volley of thorns
             ... on level 1 of the Swamp.
             The game lasted 02:02:19 (40050 turns).

tilp the Stormcaller (Tengu Air Elementalist)      Turns: 40050, Time: 02:02:20

Health: -3/116     AC:  4    Str: 11    XL:     16   Next: 45%
Magic:  9/31       EV: 25    Int: 23    God:    Sif Muna [***...]
Gold:   1504       SH:  6    Dex: 18    Spells: 3/35 levels left

rFire    + + +     SeeInvis .   a - +5 short sword "Jorryovo" {pierce, rC- Int+3 Dex+8}
rCold    . . .     Gourm    .   e - +1 buckler {rC+}
rNeg     + . .     Faith    .   Y - +0 leather armour {rPois}
rPois    +         Spirit   .   (helmet restricted)
rElec    +         Reflect  .   (no cloak)
rCorr    .         Harm     .   J - +0 pair of gloves of Lifelessness {rElec rF+++ rN+ Dex-5} (curse)
MR       ++...                  (boots unavailable)
Stlth    +++.......             R - amulet of Vitality {Regen+ HP+15}
HPRegen  0.69/turn              g - ring of protection from magic
MPRegen  0.22/turn              L - ring of wizardry

@: swift (expiring), flying quickly and evasively, very quick
A: beak, talons 3, able to fly
a: Stop Flying, Channel Magic, Forget Spell, Renounce Religion


You were on level 1 of the Swamp.
You worshipped Sif Muna.
Sif Muna was most pleased with you.
You were not hungry.

You visited 5 branches of the dungeon, and saw 25 of its levels.
You also visited: Sewer, Ossuary, Gauntlet and Ice Cave.

You collected 2733 gold pieces.
You spent 1229 gold pieces at shops.

Inventory:

Hand Weapons
 a - the +5 short sword "Jorryovo" (weapon) {pierce, rC- Int+3 Dex+8}
   (You found it on level 11 of the Dungeon)

   It inflicts extra damage upon your enemies.
   It affects your intelligence (+3).
   It affects your dexterity (+8).
   It makes you vulnerable to cold.
Missiles
 j - 4 throwing nets
 p - 13 silver javelins (quivered)
 u - 414 arrows
 W - 7 poisoned darts
Armour
 e - a +1 buckler of cold resistance (worn)
 l - a +1 troll leather armour {Purgy}
 J - the cursed +0 pair of gloves of Lifelessness (worn) {rElec rF+++ rN+ Dex-5}
   (You found it on level 11 of the Dungeon)

   It affects your dexterity (-5).
   It renders you almost immune to fire.
   It insulates you from electricity.
   It protects you from negative energy.
   It has a curse placed upon it.
 Y - a +0 leather armour of poison resistance (worn)
Jewellery
 g - a ring of protection from magic (left hand)
 h - an uncursed ring of see invisible
 q - a +3 ring of slaying
 v - an uncursed amulet of faith
 I - an uncursed ring of protection from cold
 L - a ring of wizardry (right hand)
 R - the amulet of Vitality (around neck) {Regen+ HP+15}
   (You found it in a Gauntlet)

   [amulet of regeneration]

   It affects your health (+15).
   It increases your rate of regeneration.
 T - a +4 amulet of reflection
Wands
 b - a wand of scattershot (4)
 o - a wand of paralysis (8)
 y - a wand of polymorph (29)
 D - a wand of disintegration (31)
 S - a wand of iceblast (53)
 V - a wand of digging (4)
 Z - a wand of acid (6)
Scrolls
 m - 7 scrolls of blinking
 r - 10 scrolls of remove curse
 s - a scroll of fear
 w - 2 scrolls of fog
 x - 7 scrolls of amnesia
 E - 6 scrolls of teleportation
 G - 12 scrolls of identify
 H - 2 scrolls of magic mapping
 N - 4 scrolls of enchant weapon
 Q - a scroll of vulnerability
 X - 4 scrolls of enchant armour
Potions
 d - 5 potions of agility
 i - 6 potions of might
 k - 9 potions of lignification
 n - 3 potions of mutation
 t - 2 potions of haste
 z - 2 potions of heal wounds
 A - 4 potions of ambrosia
 B - 2 potions of magic
 C - 2 potions of berserk rage
 F - 13 potions of curing
 K - 2 potions of cancellation
 P - a potion of invisibility
 U - 3 potions of resistance
Miscellaneous
 f - a lamp of fire
 M - a phantom mirror
 O - a phial of floods
Comestibles
 c - 40 rations


   Skills:
 - Level 12.0 Fighting
 - Level 12.0 Dodging
 - Level 4.0 Stealth
 - Level 4.0 Shields
 - Level 10.0 Spellcasting
 - Level 6.1 Conjurations
 - Level 18.0 Air Magic
 + Level 11.9 Invocations
 - Level 8.0 Evocations


You had 3 spell levels left.
You knew the following spells:

 Your Spells              Type           Power        Failure   Level  Hunger
a - Shock                 Conj/Air       ####         1%          1    None
b - Swiftness             Chrm/Air       ######..     1%          2    None
c - Static Discharge      Conj/Air       ######..     1%          3    None
d - Airstrike             Air            #######...   1%          4    #......
e - Lightning Bolt        Conj/Air       ######....   1%          5    ####...
f - Summon Lightning Spi  Summ/Air       ######..     1%          4    #......
g - Mephitic Cloud        Conj/Pois/Air  #####...     1%          3    None
h - Apportation           Tloc           ##....       3%          1    None
i - Ignite Poison         Fire/Tmut/Pois ##......     9%          3    None
j - Sticks to Snakes      Tmut           ##......     4%          2    None
k - Regeneration          Chrm/Necr      ##........   9%          3    None
l - Animate Skeleton      Necr           N/A          3%          1    None

Your spell library contained the following spells:

 Spells                   Type           Power        Failure   Level  Hunger
 Flame Tongue             Conj/Fire      ####.        1%          1    None
 Poisonous Vapours        Pois/Air       ######       1%          2    None
 Searing Ray              Conj           #####.       1%          2    None
 Throw Flame              Conj/Fire      ####..       1%          2    None
 Conjure Flame            Conj/Fire      ####....     2%          3    None
 Dazzling Spray           Conj/Hex       ####..       2%          3    None
 Stone Arrow              Conj/Erth      ####..       2%          3    None
 Beastly Appendage        Tmut           ##....       3%          1    None
 Confusing Touch          Hex            ##....       3%          1    None
 Corona                   Hex            ##.....      3%          1    None
 Pain                     Necr           ##..         3%          1    None
 Sandblast                Erth           ##....       3%          1    None
 Summon Small Mammal      Summ           ##..         3%          1    None
 Call Imp                 Summ           ##......     4%          2    None
 Passwall                 Tmut/Erth      ##......     4%          2    None
 Slow                     Hex            ##......     4%          2    None
 Call Canine Familiar     Summ           ##......     9%          3    None
 Inner Flame              Hex/Fire       ##......     9%          3    None
 Portal Projectile        Hex/Tloc       ##....       9%          3    None
 Spider Form              Tmut/Pois      ##........   9%          3    None
 Summon Guardian Golem    Hex/Summ       ##......     9%          3    None
 Vampiric Draining        Necr           ##........   9%          3    None
 Sticky Flame             Conj/Fire      ####....     9%          4    #......
 Freezing Cloud           Conj/Ice/Air   #####.....   16%         6    ######.
 Fireball                 Conj/Fire      ####......   24%         5    ####...
 Iskenderun's Battlesphe  Conj/Chrm      ####....     24%         5    ####...
 Venom Bolt               Conj/Pois      ####......   24%         5    ####...
 Animate Dead             Necr           N/A          28%         4    #......
 Cause Fear               Hex            ##........   28%         4    #......
 Ice Form                 Ice/Tmut       ##......     28%         4    #......
 Leda's Liquefaction      Hex/Erth       ##........   28%         4    #......
 Petrify                  Tmut/Erth      ##......     28%         4    #......
 Summon Ice Beast         Ice/Summ       ##......     28%         4    #......
 Bolt of Magma            Conj/Fire/Erth ###.......   32%         5    ####...
 Blade Hands              Tmut           ##........   58%         5    ####...
 Lee's Rapid Deconstruct  Erth           ##........   58%         5    ####...
 Metabolic Englaciation   Hex/Ice        ##........   58%         5    ####...
 Bolt of Cold             Conj/Ice       ####......   75%         6    ######.
 Bolt of Fire             Conj/Fire      ####......   75%         6    ######.
 Iron Shot                Conj/Erth      ####......   75%         6    ######.
 Orb of Destruction       Conj           #####.....   87%         7    #######
 Ozocubu's Refrigeration  Ice            ##........   98%         6    ######.
 Simulacrum               Ice/Necr       ##........   98%         6    ######.
 Spellforged Servitor     Conj/Summ      ####......   99%         7    #######
 Ring of Flames           Chrm/Fire      ##........   100%        7    #######
 Ignition                 Fire           ##........   100%        8    #######


Dungeon Overview and Level Annotations

Branches:
Dungeon (15/15)            Temple (1/1) D:5            Lair (6/6) D:11
  Swamp (1/4) Lair:4       Spider (0/4) Lair:4        Slime (0/5) Lair:6
    Orc (2/2) D:9             Elf (0/3) Orc:2        Vaults (0/5) D:14
 Depths (0/5) D:15          Sewer (visited)         Ossuary (visited)
  IceCv (visited)         Gauntlet (visited)

Altars:
Ashenzari
Cheibriados
Dithmenos
Elyvilon
Fedhas
Gozag
Qazlal
Sif Muna
Trog
Uskayaw
Wu Jian
Beogh

Shops:
D:10 }   D:12 ?   Orc:2 *?(:

Portals:
Pandemonium: Orc:2

Annotations:
Lair:6 2 runed translucent doors, mcbry's ghost, journeyman MfGl


Innate Abilities, Weirdness & Mutations

You have a beak for a mouth.
You have claws for feet.
You can fly continuously.


Message History

Casting: Static Discharge (safe; 1% risk of failure)
Confirm with . or Enter, or press ? or * to list all spells.
The alligator is struck by an arc of lightning.
The alligator is heavily wounded.
The lightning grounds out.
The alligator is struck by an arc of lightning.
The alligator is severely wounded.
You resist.
You are struck by an arc of lightning.
* * * LOW HITPOINT WARNING * * *
The alligator is struck by an arc of lightning.
The alligator is severely wounded.
The alligator is struck by an arc of lightning.
The alligator is severely wounded.
The lightning grounds out.
The briar patch crumbles away. x2
The alligator bites you!!
* * * LOW HITPOINT WARNING * * *
The alligator completely misses you.
The thorn hunter fires a volley of thorns at you.
The volley of thorns hits you!
You die...

≈≈.♣♣♣.≈≈≈≈.≈..
≈≈..§.≈≈≈≈≈..§.
≈≈≈...≈≈≈≈.♣...
≈≈≈...≈≈≈≈....♣
≈≈....≈..≈≈≈≈.♣
.....n≈≈≈≈≈.)
♣.ft≈≈≈≈≈P.
♣..@t≈≈≈PP.
♣...≈≈≈≈PJ.
♣♣..≈≈≈≈PPt
≈.≈≈≈≈≈PP.
....≈≈≈≈P..
♣..≈≈PPPPPP.
≈♣≈§.PPPPPP.
≈.♣♣≈...PPPP.


You could see a thorn hunter, 3 alligators, a very large slime creature and a
bog body.

Vanquished Creatures
  Jorgrun (Orc:2)
  A sphinx (D:14)
  Azrael (D:13)
  A minotaur (Gauntlet)
  An ettin (D:15)
  2 ogre magi (D:15)
  4 vault guards (D:14)
  9 hydras
  Harold (D:8)
  A queen ant (Lair:2)
  2 centaur warriors
  7 orc high priests (Orc:2)
  A tengu warrior (D:15)
  4 death yaks (Lair:6)
  6 two-headed ogres
  Nergalle (Orc:1)
  A skeletal warrior (D:14)
  3 unseen horrors
  A torturous demonspawn (Orc:2)
  A swamp dragon (shapeshifter) (Gauntlet)
  6 orc knights
  A necromancer (IceCv)
  A lindwurm (Lair:4)
  2 oklob plants
  7 ugly things
  6 orc sorcerers
  A cyclops (D:14)
  16 elephants (Lair:6)
  4 centaur zombies
  A black mamba (Lair:6)
  An ice statue (IceCv)
  An orange demon (Orc:2)
  5 torpor snails
  A smoke demon (Orc:2)
  9 spiny frogs
  5 gargoyles
  2 centaur skeletons
  A kobold demonologist (D:14)
  4 komodo dragons
  10 freezing wraiths (IceCv)
  A yaktaur (D:15)
  A yaktaur (shapeshifter) (D:15)
  A hellwing (Orc:2)
  2 rime drakes
  4 trolls
  4 hornets (Lair:6)
  3 meliai (D:15)
  A polar bear (shapeshifter) (D:14)
  5 polar bears
  A wolf spider simulacrum (IceCv)
  10 blink frogs (Lair:6)
  6 slime creatures
  17 dream sheep
  A hippogriff (shapeshifter) (Gauntlet)
  8 hippogriffs
  11 flying skulls (Gauntlet)
  A spriggan (shapeshifter) (D:14)
  11 spriggans (Lair:6)
  A tarantella (shapeshifter) (Gauntlet)
  47 yaks
  A wraith (D:14)
  3 wyverns
  A hog (shapeshifter) (Gauntlet)
  3 vampire mosquitoes (D:13)
  4 fire elementals (D:13)
  A chaos spawn (Orc:2)
  A hungry ghost (D:10)
  A basilisk (D:14)
  13 water moccasins
  3 hell hounds (D:13)
  3 soldier ants
  4 porcupines
  5 phantoms
  Purgy (Sewer)
  3 black bears
  39 orc warriors
  14 ogres
  2 eyes of draining
  4 boggarts (Lair:6)
  10 ice beasts
  22 wolves
  8 centaurs
  18 crocodiles
  6 big kobolds
  20 bullfrogs
  A wyvern skeleton (D:6)
  A water moccasin zombie (Ossuary)
  4 scorpions
  8 killer bees
  An elephant simulacrum (IceCv)
  4 howler monkeys
  4 wights (D:7)
  10 crimson imps
  A bullfrog zombie (D:12)
  2 draconian simulacra (IceCv)
  2 hounds
  4 jellies
  5 bullfrog skeletons
  6 gnoll shamans (D:9)
  30 orc priests
  25 orc wizards
  3 iguanas
  26 worker ants
  3 spriggan simulacra (IceCv)
  A polar bear simulacrum (IceCv)
  4 troll simulacra (IceCv)
  A wolf simulacrum (IceCv)
  3 big kobold zombies (Ossuary)
  3 centaur simulacra (IceCv)
  2 hound zombies (D:5)
  A hound skeleton (D:7)
  2 mummies (Ossuary)
  A worker ant zombie (D:10)
  11 gnolls
  13 adders
  4 naga simulacra (IceCv)
  4 ogre simulacra (IceCv)
  7 shadow imps
  12 white imps (IceCv)
  An ooze (D:5)
  An adder skeleton (D:7)
  7 adder zombies (Ossuary)
  7 worms
  2 dart slugs
  7 leopard geckos
  104 orcs
  3 ball pythons
  7 giant cockroaches
  10 goblins
  21 hobgoblins
  6 jackals
  16 kobolds
  5 quokkas
  9 bats
  4 frilled lizards
  A giant cockroach zombie (D:5)
  3 gnoll zombies (Ossuary)
  3 hobgoblin zombies (Ossuary)
  A jackal skeleton (D:8)
  3 kobold zombies (Ossuary)
  A leopard gecko skeleton (D:6)
  6 orc zombies (Ossuary)
  A quokka skeleton (D:4)
  A quokka zombie (D:8)
  5 rats
  A rat zombie (D:8)
  A fungus (Lair:6)
  2 plants
907 creatures vanquished.

Vanquished Creatures (collateral kills)
  A rakshasa (D:14)
  A centaur warrior (D:14)
  A cyclops (D:14)
  A manticore (D:14)
  A hornet (D:13)
  A fire elemental (D:13)
  4 yaks
  An orc warrior (D:13)
  A centaur (D:13)
  A bullfrog (D:15)
  2 howler monkeys (D:13)
  A crimson imp (D:14)
  2 hounds (D:13)
  A worker ant (Lair:2)
  An orc (D:13)
20 creatures vanquished.

Vanquished Creatures (others)
  An eye of draining (D:13)
  An orc wizard (D:13)
  7 kobolds
  11 fungi
  23 plants
  4 withered plants (Gauntlet)
47 creatures vanquished.

Grand Total: 974 creatures vanquished

Notes
Turn   | Place    | Note
-------+----------+-------------------------------------------
     0 | D:1      | tilp the Tengu Air Elementalist began the quest for the
                  | Orb.
     0 | D:1      | Reached XP level 1. HP: 10/10 MP: 4/4
   240 | D:1      | Reached XP level 2. HP: 15/15 MP: 3/6
   247 | D:1      | Learned a level 2 spell: Swiftness
   487 | D:1      | Reached XP level 3. HP: 13/19 MP: 0/7
   494 | D:1      | Learned a level 3 spell: Static Discharge
  1184 | D:2      | Reached XP level 4. HP: 24/24 MP: 0/8
  1988 | D:3      | Gained mutation: You can fly continuously. [Tengu growth]
  1988 | D:3      | Reached XP level 5. HP: 28/28 MP: 5/9
  2110 | D:3      | Reached skill level 5 in Conjurations
  2110 | D:3      | Reached skill level 5 in Air Magic
  2980 | D:3      | Learned a level 4 spell: Airstrike
  3130 | D:4      | Noticed an ogre
  3151 | D:4      | Killed an ogre
  3151 | D:4      | Reached XP level 6. HP: 32/32 MP: 5/12
  3171 | D:4      | Reached skill level 6 in Air Magic
  3480 | D:4      | Noticed a phantom
  3550 | D:4      | Reached XP level 7. HP: 36/36 MP: 3/14
  3840 | D:4      | Reached skill level 1 in Fighting
  4090 | D:4      | You are sucked into a shaft and drop 1 floor!
  4090 | D:5      | Entered Level 5 of the Dungeon
  4793 | D:5      | Found a staircase to the Ecumenical Temple.
  4802 | Temple   | Entered the Ecumenical Temple
  4835 | Temple   | Became a worshipper of Sif Muna the Loreminder
  5020 | D:5      | Reached skill level 5 in Dodging
  5020 | D:5      | Reached XP level 8. HP: 44/45 MP: 11/15
  5363 | D:6      | Found a glowing drain.
  5446 | Sewer    | Entered a sewer
  5524 | Sewer    | Noticed Purgy
  5546 | Sewer    | Killed Purgy
  5757 | D:6      | Reached * piety under Sif Muna
  5757 | D:6      | Reached skill level 1 in Invocations
  6157 | D:6      | Reached XP level 9. HP: 46/52 MP: 12/16
  6164 | D:6      | Learned a level 5 spell: Lightning Bolt
  6170 | D:6      | Reached skill level 5 in Invocations
  6208 | D:6      | HP: 1/52 [orc warrior/+0 war axe (17)]
  6867 | D:7      | Reached ** piety under Sif Muna
  7276 | D:7      | Reached skill level 7 in Air Magic
  7368 | D:7      | Reached skill level 5 in Spellcasting
  7822 | D:7      | Reached skill level 8 in Air Magic
  8086 | D:7      | Reached XP level 10. HP: 56/56 MP: 9/20
  8180 | D:7      | Reached skill level 9 in Air Magic
  8230 | D:7      | Reached *** piety under Sif Muna
  8248 | D:7      | Reached skill level 10 in Air Magic
  8577 | D:8      | Noticed Harold
  8653 | D:8      | Found a sand-covered staircase.
  8665 | Ossuary  | Entered an ossuary
  8869 | Ossuary  | Reached **** piety under Sif Muna
  9399 | D:8      | Reached skill level 5 in Fighting
  9669 | D:8      | Found a white marble altar of Elyvilon.
  9673 | D:8      | Learned a level 2 spell: Sticks to Snakes
  9745 | D:8      | Found a snail-covered altar of Cheibriados.
  9745 | D:8      | Found an opulent altar of Gozag.
  9748 | D:8      | Found a hide-covered altar of Uskayaw.
  9759 | D:8      | Killed Harold
 10419 | D:9      | Noticed a two-headed ogre
 10789 | D:9      | Killed a two-headed ogre
 10789 | D:9      | Reached XP level 11. HP: 68/68 MP: 4/21
 11219 | D:9      | Reached ***** piety under Sif Muna
 11219 | D:9      | Identified Sif Muna's Papyrus of Attacks and the Mountains
                  | (Sif Muna gifted it to you on level 9 of the Dungeon)
 11219 | D:9      | Received a gift from Sif Muna
 11225 | D:9      | Learned a level 3 spell: Mephitic Cloud
 12269 | D:9      | Found a staircase to the Orcish Mines.
 12536 | D:10     | Entered Level 10 of the Dungeon
 12835 | D:10     | Reached skill level 11 in Air Magic
 13015 | D:10     | Found Lereoguh's Gadget Shop.
 13733 | D:10     | Bought a lamp of fire for 560 gold pieces
 13872 | D:11     | Identified the cursed +0 pair of gloves of Lifelessness
                  | {rElec rF+++ rN+ Dex-5} (You found it on level 11 of the
                  | Dungeon)
 13986 | D:11     | Identified the +5 short sword "Jorryovo" {pierce, rC- Int+3
                  | Dex+8} (You found it on level 11 of the Dungeon)
 14047 | D:11     | Noticed an oklob plant
 14159 | D:11     | Found a staircase to the Lair.
 14376 | D:11     | Reached skill level 12 in Air Magic
 14415 | D:11     | Noticed an unseen horror
 14419 | D:11     | Killed an unseen horror
 15164 | D:11     | Reached skill level 13 in Air Magic
 15261 | D:11     | Killed an oklob plant
 15317 | Lair:1   | Entered Level 1 of the Lair of Beasts
 15606 | Lair:1   | Reached XP level 12. HP: 73/73 MP: 17/25
 15701 | Lair:1   | Noticed an eight-headed hydra
 15725 | Lair:1   | Killed an eight-headed hydra
 15725 | Lair:1   | Reached skill level 14 in Air Magic
 16136 | Lair:1   | Received a gift from Sif Muna
 16145 | Lair:1   | Learned a level 2 spell: Poisonous Vapours
 16149 | Lair:1   | Learned a level 3 spell: Ignite Poison
 16880 | Lair:2   | Found a gate leading to a gauntlet.
 16889 | Gauntlet | Entered a Gauntlet
 16889 | Gauntlet | Found a transporter.
 16895 | Gauntlet | Found a transporter.
 16898 | Gauntlet | Found a transporter.
 16910 | Gauntlet | Found a transporter.
 16912 | Gauntlet | Found a transporter.
 16921 | Gauntlet | Found the amulet of Vitality {Regen+ HP+15}
 16922 | Gauntlet | Found a transporter.
 16935 | Gauntlet | Found a transporter.
 16948 | Gauntlet | Found a transporter.
 16949 | Gauntlet | Noticed a hell hog
 16958 | Gauntlet | Found a transporter.
 16985 | Gauntlet | Found a transporter.
 16987 | Gauntlet | Found a transporter.
 16989 | Gauntlet | Found a transporter.
 17018 | Gauntlet | Noticed a shock serpent
 17172 | Gauntlet | Found a transporter.
 17174 | Gauntlet | Noticed an entropy weaver
 17174 | Gauntlet | Noticed a spark wasp
 17174 | Gauntlet | an entropy weaver changed into a spark wasp
 17175 | Gauntlet | Noticed an anaconda
 17175 | Gauntlet | Noticed a fire dragon
 17175 | Gauntlet | a spark wasp changed into a fire dragon
 17178 | Gauntlet | Reached skill level 15 in Air Magic
 17182 | Gauntlet | Noticed an ettin
 17182 | Gauntlet | a fire dragon changed into an ettin
 17183 | Gauntlet | an ettin changed into a swamp worm
 17189 | Gauntlet | Reached skill level 1 in Evocations
 17199 | Gauntlet | Noticed a shock serpent
 17199 | Gauntlet | a glowing shapeshifter changed into a shock serpent
 17200 | Gauntlet | a shock serpent changed into a redback
 17203 | Gauntlet | Noticed a shock serpent
 17203 | Gauntlet | a redback changed into a shock serpent
 17203 | Gauntlet | a shock serpent changed into a torpor snail
 17368 | Gauntlet | Noticed a minotaur
 17378 | Gauntlet | Killed a minotaur
 17752 | Lair:2   | Noticed a seven-headed hydra
 17781 | Lair:2   | Killed a seven-headed hydra
 18155 | Lair:2   | Noticed a queen ant
 18164 | Lair:2   | Killed a queen ant
 18589 | Lair:2   | Reached skill level 5 in Evocations
 19132 | Lair:3   | Reached XP level 13. HP: 78/78 MP: 19/26
 19712 | Lair:4   | Found a staircase to the Swamp.
 20405 | Lair:4   | Found a hole to the Spider Nest.
 20863 | Lair:4   | Found a snail-covered altar of Cheibriados.
 22917 | Lair:5   | Identified a scroll of acquirement
 22968 | Lair:6   | Entered Level 6 of the Lair of Beasts
 23125 | Lair:6   | Reached skill level 1 in Shields
 23195 | Lair:6   | Reached skill level 10 in Invocations
 23217 | Lair:6   | Paralysed by a hornet for 1 turns
 23247 | Lair:6   | Found a frozen archway.
 23293 | Lair:6   | Reached XP level 14. HP: 53/84 MP: 6/27
 23377 | IceCv    | Entered an ice cave
 24276 | IceCv    | Found an ancient bone altar of Kikubaaqudgha.
 25159 | Lair:6   | Reached skill level 10 in Dodging
 25273 | Lair:6   | Reached skill level 10 in Fighting
 25459 | Lair:6   | Found a large runed translucent door.
 25459 | Lair:6   | Found a large runed translucent door.
 25461 | Lair:6   | Noticed mcbry's ghost (journeyman MfGl)
 25674 | Lair:6   | Found a staircase to the Slime Pits.
 26722 | Lair:6   | Reached skill level 16 in Air Magic
 27921 | Orc:1    | Entered Level 1 of the Orcish Mines
 28547 | Orc:2    | Entered Level 2 of the Orcish Mines
 28894 | Orc:2    | Found a staircase to the Elven Halls.
 28924 | Orc:1    | Noticed Nergalle
 28933 | Orc:1    | Killed Nergalle
 29066 | Orc:1    | Received a gift from Sif Muna
 29195 | Orc:2    | Noticed Jorgrun
 29323 | Orc:2    | Killed Jorgrun
 29323 | Orc:2    | Reached skill level 10 in Spellcasting
 29323 | Orc:2    | Reached XP level 15. HP: 92/92 MP: 6/30
 29915 | Orc:2    | Reached skill level 17 in Air Magic
 30074 | Orc:2    | Found a roughly hewn altar of Beogh.
 30554 | Orc:2    | Found Saynoil's General Store.
 30914 | Orc:2    | Found Vesaq's Magic Scroll Shop.
 32177 | Orc:2    | Reached skill level 18 in Air Magic
 33019 | Orc:2    | Found Xuqatah's Antique Weapon Emporium.
 33019 | Orc:2    | Found Rixih's Book Shoppe.
 33020 | Orc:2    | Found a one-way gate leading to the halls of Pandemonium.
 33053 | Orc:2    | Bought a scroll of blinking for 135 gold pieces
 33053 | Orc:2    | Bought a scroll of magic mapping for 63 gold pieces
 33053 | Orc:2    | Bought a scroll of enchant armour for 135 gold pieces
 33053 | Orc:2    | Bought a scroll of fog for 36 gold pieces
 33053 | Orc:2    | Bought a scroll of identify for 36 gold pieces
 33053 | Orc:2    | Bought a scroll of blinking for 135 gold pieces
 33053 | Orc:2    | Bought a scroll of remove curse for 54 gold pieces
 33055 | Orc:2    | Bought a scroll of remove curse for 33 gold pieces
 33845 | D:12     | Found Qosaqom's Magic Scroll Shoppe.
 33853 | D:12     | Bought a scroll of teleportation for 42 gold pieces
 34543 | D:13     | Received a gift from Sif Muna
 34593 | D:13     | Learned a level 4 spell: Summon Lightning Spire
 34597 | D:13     | Learned a level 3 spell: Regeneration
 35944 | D:13     | Noticed Azrael
 35948 | D:13     | Killed Azrael
 36582 | D:14     | Noticed a sphinx
 36588 | D:14     | Killed a sphinx
 36588 | D:14     | Reached XP level 16. HP: 100/100 MP: 14/31
 37413 | D:14     | Found a blossoming altar of Fedhas.
 37564 | D:14     | Found a gate to the Vaults.
 38083 | D:14     | Found a roughly hewn altar of Beogh.
 38140 | D:14     | Learned a level 1 spell: Apportation
 38142 | D:14     | Learned a level 1 spell: Animate Skeleton
 38144 | D:15     | Entered Level 15 of the Dungeon
 38557 | D:15     | Found a staircase to the Depths.
 40036 | Swamp:1  | Entered Level 1 of the Swamp
 40036 | Swamp:1  | Noticed a thorn hunter
 40050 | Swamp:1  | Killed from afar by a thorn hunter

Levels and vault maps discovered:
D:1:      tarquinn_simple_flora_water_e, layout_rooms
D:2:      layout_basic
D:3:      layout_loops_ring, kennysheep_pointless_box
D:4:      layout_loops_cross, first_ration, grunt_ministairs_8,
          saegor_snake_ambush
D:5:      layout_basic, minmay_temple_entry_nine_rooms
D:6:      layout_cave_pools, cheibrodos_sewer_entry_drain
D:7:      layout_basic
D:8:      layout_rooms, grunt_temple_overflow_open, enter_ossuary_4, uniq_harold
D:9:      kennysheep_seaside_town, layout_cave_pods, hiddenorc2_lemuel
D:10:     layout_cave_pods, serial_shops, shop_fountains, serial_glass,
          glass_columns_c, glass_columns_b
D:11:     layout_gridville, dpeg_oklobed_lair
D:12:     layout_loops_ring, serial_rivers, chequers_serial_rivers_micro_d,
          chequers_serial_rivers_micro_d, chequers_serial_rivers_large_a,
          chequers_serial_rivers_micro_e, chequers_serial_rivers_room_a,
          chequers_serial_rivers_micro_d, serial_shops,
          nicolae_shop_temple_entry_statues_fountains, hangedman_ranch
          [blue_anna_fruit_fields]
D:13:     layout_rooms, drop_trap, serial_bayou_crossing, uniq_azrael
D:14:     layout_rooms, lightli_vaults_fourway_checkpoint, fedhas_altar_1,
          special_room [special_room_orc], minmay_three_doors
D:15:     hangedman_depths_entry_civil_slaughter, layout_cave_pods
Temple:   hc_temple_tempest_star
Lair:1:   layout_cave_pods
Lair:2:   layout_hall_layers, gauntlet_entry_generic, minmay_another_anthill,
          grunt_megastairs_2
Lair:3:   layout_roguey
Lair:4:   layout_small_grid, swamp_mist, nicolae_spider_entry_non_spiders,
          st_stairs_6, kennysheep_snail_temple, infiniplex_staircase_pool_2
Lair:5:   layout_gridlike, grunt_megastairs_5
Lair:6:   minmay_lair_end_enchanted_forest, layout_regular_city, slime_dummy,
          portal_ice_cave_entry_pillars_2, ebering_ghost_disaster_area,
          grunt_megastairs_4, lemuel_fruit_fields, lemuel_fruit_tree
Swamp:1:  layout_basic_swamp, evilmike_swamp_ruin_house_2, swamp_pool4,
          infiniplex_staircase_pool
Orc:1:    layout_caves, uniq_nergalle
Orc:2:    pf_orc_diabolical, layout_diamond_mine, kennysheep_orc_chapel,
          uniq_jorgrun

Skill      XL: |  1  2  3  4  5  6  7  8  9 10 11 12 13 14 15 16 |
---------------+-------------------------------------------------+-----
Conjurations   | 2 3 4 5 6 |  6.1
Air Magic      | 5 6 8 10 13 15 16 18 | 18.0
Spellcasting   | 3 4 6 8 10 | 10.0
Fighting       | 2 4 7 8 10 11 12 | 12.0
Dodging        | 5 6 8 10 11 12 | 12.0
Invocations    | 4 6 7 10 11 | 11.9
Evocations     | 5 8 |  8.0
Stealth        | 4 |  4.0
Shields        | 4 |  4.0

Action                   |  1- 3 |  4- 6 |  7- 9 | 10-12 | 13-15 | 16-18 || total
-------------------------+-------+-------+-------+-------+-------+-------++-------
Melee: Whip              |     8 |       |       |       |       |       ||     8
       Trident           |    10 |    23 |   119 |   160 |       |       ||   312
       Kick              |     1 |     3 |    13 |    55 |    90 |    26 ||   188
       Peck              |       |     2 |    10 |    45 |    49 |    17 ||   123
       Short sword       |       |       |       |    70 |   242 |    61 ||   373
       Staff             |       |       |       |       |    36 |       ||    36
Throw: Stone             |     1 |       |       |       |       |       ||     1
 Cast: Shock             |    76 |   126 |   119 |   296 |   206 |    14 ||   837
       Airstrike         |       |     3 |    31 |   162 |   590 |    82 ||   868
       Static Discharge  |       |       |    11 |    20 |    72 |    14 ||   117
       Lightning Bolt    |       |       |       |    39 |    96 |    35 ||   170
       Sticks to Snakes  |       |       |       |     7 |       |       ||     7
       Mephitic Cloud    |       |       |       |    22 |    32 |     6 ||    60
       Ignite Poison     |       |       |       |     5 |    13 |     4 ||    22
       Swiftness         |       |       |       |     5 |     2 |     2 ||     9
       Poisonous Vapours |       |       |       |     2 |     6 |       ||     8
       Summon Lightning  |       |       |       |       |    10 |     9 ||    19
Invok: Channel Magic     |       |       |       |    15 |    37 |     8 ||    60
 Abil: Fly               |       |     1 |       |       |       |       ||     1
Evoke: Wand              |       |       |       |     1 |       |       ||     1
       Lamp of fire      |       |       |       |       |     1 |       ||     1
  Use: Scroll            |       |     1 |    13 |    17 |     6 |     1 ||    38
       Potion            |       |       |     2 |     3 |       |       ||     5
 Stab: Sleeping          |       |     2 |     5 |     3 |     2 |       ||    12
       Confused          |       |       |       |     4 |    11 |       ||    15
       Distracted        |       |       |       |       |     2 |       ||     2
  Eat: Chunk             |     2 |     8 |    16 |    42 |    81 |    15 ||   164
       Ration            |       |       |     1 |     7 |     5 |     2 ||    15
Armor: Robe              |     3 |     4 |     6 |    14 |       |       ||    27
       Troll leather arm |       |       |       |    12 |    62 |    10 ||    84
       Leather armour    |       |       |       |       |       |     2 ||     2
Dodge: Dodged            |    15 |    24 |   117 |   328 |   464 |    97 ||  1045
Block: Buckler           |       |       |       |       |    73 |    37 ||   110

Table legend:
 A = Non-vault XP
 B = Vault XP
 C = Vault XP percentage of total XP
 D = Non-vault monster count
 E = Vault monster count
 F = Vault count percentage of total count
                 A         B        C        D         E       F
            +---------+---------+-------+---------+---------+-------
      Total |   83917 |   69059 |  45.1 |     551 |     373 |  40.4
            +---------+---------+-------+---------+---------+-------
        D:1 |      42 |       0 |   0.0 |      24 |       0 |   0.0
        D:2 |     108 |       0 |   0.0 |      29 |       0 |   0.0
        D:3 |     154 |       0 |   0.0 |      29 |       0 |   0.0
        D:4 |     482 |      19 |   3.8 |      14 |       4 |  22.2
        D:5 |     471 |       0 |   0.0 |      15 |       0 |   0.0
        D:6 |    1474 |       7 |   0.5 |      27 |       2 |   6.9
        D:7 |    2573 |       0 |   0.0 |      44 |       0 |   0.0
        D:8 |    1270 |     817 |  39.1 |      19 |       3 |  13.6
        D:9 |    1936 |    1688 |  46.6 |      21 |      55 |  72.4
       D:10 |    1893 |       0 |   0.0 |      21 |       0 |   0.0
       D:11 |    3924 |     587 |  13.0 |      25 |       1 |   3.8
       D:12 |    6952 |    2176 |  23.8 |      28 |       8 |  22.2
       D:13 |    8258 |    2344 |  22.1 |      43 |       9 |  17.3
       D:14 |    4395 |   11894 |  73.0 |      19 |      31 |  62.0
       D:15 |    7209 |    4791 |  39.9 |      21 |       6 |  22.2
     Lair:1 |    2611 |       0 |   0.0 |       8 |       0 |   0.0
     Lair:2 |    3341 |    2341 |  41.2 |      12 |      22 |  64.7
     Lair:3 |    1316 |     449 |  25.4 |      10 |       1 |   9.1
     Lair:4 |    4938 |    1451 |  22.7 |      20 |      11 |  35.5
     Lair:5 |    5866 |     220 |   3.6 |      23 |       1 |   4.2
     Lair:6 |   21828 |    8430 |  27.9 |      60 |      48 |  44.4
      Orc:1 |     964 |     824 |  46.1 |      19 |       1 |   5.0
      Orc:2 |    1912 |   19236 |  91.0 |      20 |      66 |  76.7
      Sewer |       0 |     143 | 100.0 |       0 |       6 | 100.0
    Ossuary |       0 |     245 | 100.0 |       0 |      28 | 100.0
      IceCv |       0 |    6350 | 100.0 |       0 |      54 | 100.0
   Gauntlet |       0 |    5047 | 100.0 |       0 |      16 | 100.0
            +---------+---------+-------+---------+---------+-------
